Cogmind - Beta 13 @@@ ROGUE MODE // 2024.07.09 @ 13:58:55 Player: JackZewap Result: Destroyed by as-02642 with Assembled F-torch Performance ------------- Evolutions (1) 500 Regions Visited (4) 800 Robots Destroyed (31) 155 Value Destroyed (778) 778 Prototype IDs (3) 60 Alien Tech Used (0) 0 Bonus (27) 27 TOTAL SCORE: 2320 Bonus ------- High Alert Combat Kills 27 Cogmind --------- Core Integrity 0/400 Matter 222/300 Energy 62/100 System Corruption 8% Temperature Cool (26) Movement Hovering (180) Ox2 Location -9/Mines Parts ------- > --- POWER (1) -------- (None) > --- PROPULSION (2) --- Airjet > --- UTILITY (4) ------ Improved Heat Sink Small Storage Unit > --- WEAPON (2) ------- Advanced Assault Cannon Advanced Assault Cannon > --- INVENTORY (8) ---- Heat Sink Improved Heat Sink Medium Matter Pod (100) Large Matter Pod (0) Weight Redist. System Utility Shielding Insulated Plating EMP Blaster Peak State ------------ > --- POWER ------------ Light Nuclear Core > --- PROPULSION ------- Airjet Airjet > --- UTILITY ---------- Improved Heat Sink Small Storage Unit Utility Shielding Hacking Suite > --- WEAPON ----------- Small Laser Particle Gun > --- INVENTORY -------- Ion Engine Airjet Improved Heat Sink Medium Matter Pod Light Assault Rifle Light Assault Rifle [Rating: 21] Favorites ----------- Power Light Nuclear Core Engine Ion Engine Power Core Light Nuclear Core Propulsion Light Treads Treads Light Treads Hover Unit Airjet Utility Improved Heat Sink Device Improved Heat Sink Storage Small Storage Unit Hackware Hacking Suite Protection Utility Shielding Weapon Particle Gun Energy Gun Particle Gun Ballistic Gun Assault Rifle Ballistic Cannon Advanced Assault Cannon Build | -11 -10 -10 -9 -9 ------- Run | Yrd Mat Min Mat Min Slots Evolved 2 | . . . 2 . Power . | . . . . . Propulsion . | . . . . . Utility 2 | . . . 2 . Weapon . | . . . . . Parts Attached 41 | 6 8 3 21 3 Power 9 | 1 1 1 6 . Engine 4 | 1 . 1 2 . Core 5 | . 1 . 4 . Reactor . | . . . . . Propulsion 10 | 2 1 . 6 1 Treads 3 | 2 1 . . . Leg . | . . . . . Wheel . | . . . . . Hover 7 | . . . 6 1 Flight . | . . . . . Utility 8 | 1 3 1 3 . Device 2 | . 1 . 1 . Storage 3 | 1 1 1 . . Processor . | . . . . . Hackware 1 | . . . 1 . Protection 2 | . 1 . 1 . Artifact . | . . . . . Weapon 14 | 2 3 1 6 2 Energy Gun 6 | . 1 . 5 . Energy Cannon . | . . . . . Ballistic Gun 6 | 2 2 1 1 . Ballistic Cannon 2 | . . . . 2 Launcher . | . . . . . Special Weapon . | . . . . . Impact Weapon . | . . . . . Slashing Weapon . | . . . . . Piercing Weapon . | . . . . . Special Melee Weapon . | . . . . . Unidentified Prototypes 1 | . . . 1 . Parts Lost 17 | . 4 2 7 4 Power 4 | . . 1 2 1 Propulsion 7 | . 1 1 3 2 Utility 1 | . . . . 1 Weapon 5 | . 3 . 2 . Highest Loss Streak 4 | . 2 1 3 4 To Critical Strikes 1 | . . . 1 . Average Slot Usage (%) 88 | . 90 84 92 72 Engine 6 | . 10 6 3 . Core 5 | . 4 7 6 6 Treads 12 | . 27 14 . . Hover 8 | . . . 19 17 Device 10 | . 2 14 13 17 Storage 12 | . 14 14 11 11 Hackware 4 | . . . 10 4 Protection 4 | . 3 . 7 . Energy Gun 10 | . 2 14 16 12 Ballistic Gun 12 | . 25 14 2 . Naked Turns . | . . . . . Heaviest Build 34 | 14 34 30 18 16 Greatest Support 40 | 40 40 20 20 15 Greatest Overweight (x) 1 | 1 . 1 1 1 Average Overweight (x) . | . . . . . Largest Inventory Capacity 15 | 8 15 15 8 8 Average Capacity 10 | 6 13 11 8 8 Most Carried 8 | 1 7 7 8 8 Average Carried 5 | . 4 5 6 7 Final Capacity 15 | 8 15 8 8 8 Final Carried 8 | 1 6 5 8 8 Class Distribution -------------------- 51% | Scavenger-Mutant 48% | Mutant Dominant Class ---------------- Mutant | -10/Materials Scavenger-Mutant | -10/Mines Scavenger-Mutant | -9/Materials Mutant | -9/Mines Resources | -11 -10 -10 -9 -9 ----------- Run | Yrd Mat Min Mat Min Matter Collected 829 | 231 278 83 194 43 Remotely . | . . . . . Salvage Created 927 | . 322 86 497 22 Parts 62 | . 24 12 26 . Haulers Intercepted 1 | . . . 1 . Recyclers Shooed . | . . . . . Parts Field Recycled . | . . . . . Retrieved Matter . | . . . . . Parts Self-Destructed . | . . . . . Prevented . | . . . . . Kills | -11 -10 -10 -9 -9 ------- Run | Yrd Mat Min Mat Min Combat Hostiles Destroyed 32 | . 9 6 14 3 Guns 29 | . 9 6 14 . Cannons 3 | . . . . 3 Classes Destroyed 6 | . 3 . 2 1 Hauler 1 | . . . 1 . Operator 1 | . 1 . . . Swarmer 13 | . 3 6 4 . Grunt 15 | . 6 . 9 . Sentry 1 | . . . 1 . Assembled 3 | . . . . 3 Best Kill Streak 4 | . 4 3 4 3 Combat Bots Only 4 | . 4 3 4 3 Max Kills in Single Turn 2 | . 2 1 1 2 Gunslinging 1 | . 1 . . . Exploded . | . . . . . Melee . | . . . . . Uniques/NPCs Destroyed . | . . . . . Combat | -11 -10 -10 -9 -9 -------- Run | Yrd Mat Min Mat Min Hostile Shots Fired 274 | . 102 28 84 60 Missed 74 | . 27 5 21 21 Damage Taken 2303 | . 875 173 696 559 Core 577 | . 121 47 206 203 Absorbed by Shields . | . . . . . Redirected to Shielding 13 | . 8 . 5 . Core Remaining (%) 66 | 100 . 32 . . Volleys Fired 108 | . 41 14 50 3 Largest 2 | . 2 2 2 2 Hottest 130 | . 85 85 130 96 Shots Fired 195 | . 80 28 81 6 Gun 189 | . 80 28 81 . Cannon 6 | . . . . 6 Launcher . | . . . . . Special . | . . . . . Kinetic 111 | . 77 14 14 6 Thermal 84 | . 3 14 67 . Explosive . | . . . . . Electromagnetic . | . . . . . Robot Hit Streak 16 | . 16 4 9 2 Robot Miss Streak 4 | . 4 3 3 2 Penetration Max . | . . . . . Secondary Targets 4 | . 1 2 1 . Max Gunslinging Chain 1 | . 1 1 1 . Shots Hit Robots 117 | . 54 12 48 3 Core Hits 58 | . 22 8 25 3 Critical Kills 1 | . 1 . . . Critical Parts Destroyed . | . . . . . Critical Strikes 4 | . 1 . 3 . Burn 3 | . . . 3 . Destroy 1 | . 1 . . . Melee Attacks . | . . . . . Impact . | . . . . . Slashing . | . . . . . Piercing . | . . . . . Sneak Attacks . | . . . . . Combat Hostiles . | . . . . . Follow-up Attacks . | . . . . . Damage Inflicted 1640 | . 639 151 695 155 Guns 1485 | . 639 151 695 . Cannons 155 | . . . . 155 Explosions . | . . . . . Melee . | . . . . . Ramming . | . . . . . Kinetic 872 | . 606 30 81 155 Thermal 768 | . 33 121 614 . Explosive . | . . . . . Electromagnetic . | . . . . . Impact . | . . . . . Slashing . | . . . . . Piercing . | . . . . . Highest Corruption 8 | . . . 5 8 Average Corruption 5 | . . . 5 6 Corruption Purged . | . . . . . Corruption Blocked . | . . . . . Effects 11 | . . . 8 3 Message Errors 5 | . . . 3 2 Matter Fused 3 | . . . 2 1 Heat Flow Errors 2 | . . . 2 . Data Loss (minor) 1 | . . . 1 . Overload Shots . | . . . . . Overflow Damage 12 | . . . . 12 Projectiles 12 | . . . . 12 Explosions . | . . . . . Melee . | . . . . . Knockbacks 2 | . . . . 2 Impact . | . . . . . Kinetic 1 | . . . . 1 Secondary 1 | . . . . 1 Self-Inflicted Damage . | . . . . . Shots . | . . . . . Rammed . | . . . . . Targets Rammed . | . . . . . Kicked . | . . . . . Crushed . | . . . . . Highest Temperature 377 | . 33 40 377 24 Average Temperature 53 | . 9 14 79 11 Received Heat Transfer 893 | . 396 . 297 200 Effects 1 | . . . 1 . Energy Bleed 1 | . . . 1 . Siege Activations . | . . . . . Robots Corrupted . | . . . . . Combat Hostiles . | . . . . . Parts Fried . | . . . . . Impact Corruptions . | . . . . . Robots Melted . | . . . . . Combat Hostiles . | . . . . . Parts Melted 6 | . . 2 4 . Heat Transferred 2062 | . 74 296 1692 . Parts Sabotaged . | . . . . . Parts Stolen . | . . . . . Parts Stripped . | . . . . . Power Chain Reactions . | . . . . . Alert | -11 -10 -10 -9 -9 ------- Run | Yrd Mat Min Mat Min Peak Influence 482 | . 265 190 482 121 Initial 121 | . . 25 74 121 Average 165 | . 112 107 273 101 Maximum Alert Level 2 | . 1 . 2 . Low Security (%) 65 | 100 79 100 24 100 Level 1 31 | . 20 . 67 . Level 2 3 | . . . 8 . Level 3 . | . . . . . Level 4 . | . . . . . Level 5 . | . . . . . High Security . | . . . . . Max Security . | . . . . . Squads Dispatched 5 | . 1 . 3 1 Investigation 2 | . . . 1 1 Extermination . | . . . . . Reinforcement 3 | . 1 . 2 . Assault . | . . . . . Garrison . | . . . . . Intercept . | . . . . . Searches Triggered . | . . . . . Construction Impeded . | . . . . . Haulers Reinforced . | . . . . . Active Scanning Responses . | . . . . . Cargo Convoy Interrupts . | . . . . . Stealth | -11 -10 -10 -9 -9 --------- Run | Yrd Mat Min Mat Min Distress Signals 2 | . 2 . . . Communications Jammed . | . . . . . Distress Signals . | . . . . . Times Spotted 66 | . 21 10 19 16 Peak Tracking Total 14 | . 8 3 5 14 Tactical Retreats 6 | . . 2 4 . Traps | -11 -10 -10 -9 -9 ------- Run | Yrd Mat Min Mat Min Traps Triggered 1 | . . . 1 . Indirectly . | . . . . . Trap Hack Attempts . | . . . . . Triggered . | . . . . . Disarmed . | . . . . . Reprogrammed . | . . . . . Reused . | . . . . . Traps Extracted . | . . . . . Installed . | . . . . . Triggered . | . . . . . Machines | -11 -10 -10 -9 -9 ---------- Run | Yrd Mat Min Mat Min Machines Disabled 1 | . . . 1 . Max in Single Turn 1 | . . . 1 . Machines Repaired . | . . . . . Machines Dismantled . | . . . . . Machines Sabotaged . | . . . . . Overloaded Fab Kills . | . . . . . Hacking | -11 -10 -10 -9 -9 --------- Run | Yrd Mat Min Mat Min Machines Accessed 5 | . 2 . 2 1 Terminals 3 | . 2 . 1 . Fabricators . | . . . . . Repair Stations . | . . . . . Recycling Units 1 | . . . 1 . Scanalyzers . | . . . . . Garrison Access . | . . . . . Total Hacks 16 | . 8 . 7 1 Successful 11 | . 5 . 5 1 Failed 5 | . 3 . 2 . Catastrophic . | . . . . . Database Lockouts . | . . . . . Manual 9 | . 5 . 4 . Terminals 12 | . 8 . 4 . Fabricators . | . . . . . Repair Stations . | . . . . . Recycling Units 3 | . . . 3 . Scanalyzers . | . . . . . Garrison Access . | . . . . . Terminal Hacks 4 | . 2 . 1 1 Prototype ID Bank 1 | . . . 1 . Open Door 1 | . . . . 1 Alert Level 1 | . 1 . . . Hauler Manifests 1 | . 1 . . . Fabricator Hacks . | . . . . . Repair Station Hacks . | . . . . . Recycling Unit Hacks 1 | . . . 1 . Retrieve Components 1 | . . . 1 . Scanalyzer . | . . . . . Garrison Access Hacks . | . . . . . Unauthorized Hacks 6 | . 3 . 3 . Terminals 5 | . 3 . 2 . Track 1 | . 1 . . . Botnet 3 | . 2 . 1 . Operators 1 | . . . 1 . Fabricators . | . . . . . Repair Stations . | . . . . . Recycling Units 1 | . . . 1 . Reject 1 | . . . 1 . Scanalyzers . | . . . . . Garrison Access . | . . . . . Data Cores Recovered . | . . . . . Used . | . . . . . Hacking Detections 3 | . 2 . 1 . Full Trace Events . | . . . . . Feedback Events . | . . . . . Feedback Blocked . | . . . . . Robot Schematics Acquired . | . . . . . Robots Built . | . . . . . Authchips . | . . . . . Time . | . . . . . Total Robot Build Rating . | . . . . . Part Schematics Acquired . | . . . . . Parts Built . | . . . . . Authchips . | . . . . . Time . | . . . . . Total Part Build Rating . | . . . . . Parts Repaired . | . . . . . Time . | . . . . . Parts Recycled . | . . . . . Recycled Matter . | . . . . . Retrieved Matter . | . . . . . Retrieved Components . | . . . . . Parts Scanalyzed . | . . . . . Part Schematics Acquired . | . . . . . Parts Damaged . | . . . . . Bothacking | -11 -10 -10 -9 -9 ------------ Run | Yrd Mat Min Mat Min Used RIF Installer . | . . . . . Robots Hacked . | . . . . . Non-combat . | . . . . . Combat . | . . . . . Robot Hacks Applied . | . . . . . Relay Couplers Released . | . . . . . Fabnet Peak Effective % . | . . . . . Robots Rewired . | . . . . . Allies Hacked . | . . . . . Hacks Repelled . | . . . . . Allies | -11 -10 -10 -9 -9 -------- Run | Yrd Mat Min Mat Min Total Allies . | . . . . . Largest Group . | . . . . . Highest-Rated Group . | . . . . . Highest-Rated Ally . | . . . . . Total Orders . | . . . . . Ally Attacks . | . . . . . Total Damage . | . . . . . Kills . | . . . . . Allies Corrupted . | . . . . . Allies Melted . | . . . . . Intel | -11 -10 -10 -9 -9 ------- Run | Yrd Mat Min Mat Min Robot Analysis Total . | . . . . . Derelict Logs Recovered . | . . . . . Drone Launches . | . . . . . Drone Recoveries . | . . . . . Exploration | -11 -10 -10 -9 -9 ------------- Run | Yrd Mat Min Mat Min Turns Passed 1365 | 61 419 306 503 76 Spaces Moved 804 | 35 167 134 387 81 Core 5 | 5 . . . . Treads 336 | 30 167 134 5 . Legs . | . . . . . Wheels . | . . . . . Hover 463 | . . . 382 81 Flight . | . . . . . Fastest Speed 50 | 50 160 160 56 56 Average Speed 119 | 150 160 191 81 77 Slowest Speed 240 | 160 160 240 160 120 Overloaded Moves . | . . . . . Propulsion Burnouts . | . . . . . Robots Hopped . | . . . . . Cave-ins Triggered . | . . . . . Exploration Rate (%) 24 | 4 31 33 34 22 Regions Visited 4 Branch Regions 2 Pre-discovered Areas . | . . . . . Known Exits Taken . | . . . . . Unknown Exits Taken 4 | 1 1 1 1 . Scrap Searched 1 | . . . . 1 Spaces Dug . | . . . . . Terrain Destroyed . | . . . . . Melee . | . . . . . Projectile . | . . . . . AOE . | . . . . . Terrain Rammed . | . . . . . Walls Destroyed . | . . . . . Machines Disabled . | . . . . . Actions | -11 -10 -10 -9 -9 --------- Run | Yrd Mat Min Mat Min Total 1027 | 41 242 158 496 90 Wait 40 | . 19 5 16 . Move 800 | 34 166 133 386 81 Hop . | . . . . . Pick Up 16 | 1 6 1 8 . Fast Attach 24 | 6 3 2 11 2 Attach 12 | . 4 . 7 1 Detach 9 | . 2 . 6 1 Swap 5 | . 1 1 3 . Drop 13 | . . 2 9 2 Fire 108 | . 41 14 50 3 Melee . | . . . . . Ram . | . . . . . Kick . | . . . . . Crush . | . . . . . Escape Stasis . | . . . . . Rewire . | . . . . . Trap . | . . . . . Miscellaneous . | . . . . . Route ------- -11/Scrapyard -10/Materials -10/Mines -9/Materials (discovered 2 exits: [*Mat] / *Min) -9/Mines History --------- Turn | Location | Event 11 | -11/Scrapyard | Discovered new exit (range 15) 62 | -11/Scrapyard | Entered Materials 198 | -10/Materials | Discovered new exit (range 15) 315 | -10/Materials | Build established: Mutant 481 | -10/Materials | Entered Mines 483 | -10/Mines | Core integrity fell below 50% 757 | -10/Mines | Discovered new exit (range 11) 787 | -10/Mines | Entered Materials 787 | -9/Materials | Evolved 2 slots: Utility x2 884 | -9/Materials | Discovered new exit (range 16) 985 | -9/Materials | Build established: Scavenger-Mutant 1150 | -9/Materials | Lost 3 parts (1p1n1w) 1195 | -9/Materials | Core integrity fell below 50% 1274 | -9/Materials | Discovered new exit (range 15) 1290 | -9/Materials | Entered Mines 1303 | -9/Mines | Assembled infested the area 1336 | -9/Mines | Core integrity fell below 20% 1352 | -9/Mines | Met a Derelict shopkeep closing up shop 1363 | -9/Mines | Lost 4 parts (1p2n1u) 1366 | -9/Mines | Destroyed by as-02642 with Assembled F-torch Last Messages --------------- 01351_ Current location identified: Mines >>Open Door Sealed Doors opened. 01352_ OP-EYO(g): "Sorry, the Unaware have moved into these parts and I'm closing up shop. No more sales from me!" 01354_ ALERT: Derelict activity detected in mines. Dispatching investigation squad. 01354_ Dropped Med. Laser. 01355_ Acquired Adv. Assault Cannon. 01356_ OP-EYO(g): "Grab stuff and run for it!" 01356_ as-07108 destroyed. 01358_ as-43805 sneak attacks. 01358_ Acquired Adv. Assault Cannon. 01359_ OP-EYO(g) destroyed. 01359_ as-13061 destroyed. 01359_ as-43805 destroyed. 01362_ as-35463 destroyed. 01363_ 1&SQI